 Dungeon Crawl Stone Soup version 0.31-a0-1002-g8e65716e6e (webtiles) character file.

Game seed: 11980046592377027005

66 Malachi the Ruffian (level 4, -1/33 HPs)
             Began as a Djinni Shapeshifter on Nov 10, 2023.
             Slain by a cerulean imp
             ... wielding a +0 spear
             ... summoned by Natasha
              (4 damage)
             ... on level 3 of the Dungeon.
             The game lasted 00:01:39 (1930 turns).

Malachi the Ruffian (Djinni Shapeshifter)           Turns: 1930, Time: 00:01:40

Health: -1/33      AC:  3    Str: 15    XL:     4   Next: 37%
Gold:   144        EV: 12    Int: 11    God:
                   SH:  0    Dex: 13

rFire   + +          .
                       - Unarmed
rCold   x . .        (no shield)
rNeg    . . .        t - +0 leather armour
rPois   ∞            (helmet currently unavailable)
rElec   .            (cloak currently unavailable)
rCorr   .            (gloves currently unavailable)
SInv    .            (boots unavailable)
Will    .....        (no amulet)
Stlth   +            (no ring)
HPRegen 0.25/turn    (no ring)
MPRegen 0.00/turn

%: infuse magic (-2 HP)
@: beast-form, flying
A: beast (slay +1), flying, sickness immunity, fire resistance 2, cold
vulnerability 1, float, innate caster, HP casting, extra vitality 1
a: Begin Untransformation


You were on level 3 of the Dungeon.
You were a hulking beast.
You visited 1 branch of the dungeon, and saw 3 of its levels.

You collected 144 gold pieces.

Inventory:

Missiles
 j - 4 javelins
Armour
 a - a +0 animal skin
 i - a +0 pair of gloves
 t - a +0 leather armour (worn)
Talismans
 c - a beast talisman
 d - a flux talisman
Scrolls
 e - a scroll of identify {unknown}
 f - 3 scrolls of enchant weapon {unknown}
 h - a scroll of fog {unknown}
 k - a scroll of summoning {unknown}
 m - a scroll of teleportation {unknown}
 o - a scroll of noise {unknown}
 p - a scroll of immolation {unknown}
 q - a scroll of poison {unknown}
Potions
 b - 2 potions of lignification
 g - a potion of brilliance {unknown}
 l - a potion of mutation {unknown}
 n - a potion of attraction {unknown}
 r - a potion of enlightenment {unknown}
 s - 2 potions of curing {unknown}


   Skills:
 + Level 2.0 Fighting
 + Level 3.0 Dodging
 + Level 3.5 Unarmed Combat
 + Level 3.1 Shapeshifting


You knew the following spells:

 Your Spells              Type           Power      Damage    Failure   Level
a - Summon Small Mammal   Summ           0%         N/A       41%         1
Your spell library was empty.

Dungeon Overview and Level Annotations

Branches:
Dungeon (3/15)

Altars:

Annotations:
D:3 Natasha


Innate Abilities, Weirdness & Mutations

You are a hulking beast.
Your limbs bulge with bestial killing power. (Slay +1)
You are flying.
You are immune to sickness and miasma.
You are immune to poison.
Your flesh is very heat resistant. (rF++)
You are vulnerable to cold. (rC-)
You float through the air rather than walking.
You learn spells naturally, not from books.
Your magical power is your life essence.
You have superior vitality. (+4 MHP)


Message History

You are too injured to fight recklessly!
You are too injured to fight recklessly!
You are too injured to fight recklessly!
You closely miss Natasha.
Natasha is lightly wounded.
Natasha barely misses you.
You completely miss Natasha.
Natasha is lightly wounded.
Natasha claws you.
You hit Natasha.
Natasha is heavily wounded.
Natasha completely misses you.
You hit Natasha but do no damage.
Natasha is heavily wounded.
Natasha casts a spell.
You hit Natasha but do no damage.
Natasha is heavily wounded.
Natasha barely misses you.
You closely miss Natasha.
Natasha is heavily wounded.
The cerulean imp hits you from afar with a +0 spear.
Natasha misses you.
You hit Natasha.
Natasha is severely wounded.
The cerulean imp hits you but does no damage.
Natasha barely misses you.
You barely miss Natasha.
Natasha is severely wounded.
The cerulean imp hits you from afar with a +0 spear.
Natasha closely misses you.
You barely miss Natasha.
Natasha is severely wounded.
The cerulean imp hits you from afar with a +0 spear.
* * * LOW HITPOINT WARNING * * *
Natasha claws you.
* * * LOW HITPOINT WARNING * * *
You hit Natasha.
Natasha is almost dead.
The cerulean imp hits you from afar with a +0 spear.
You die...

............+.........
............#........
.....................
.....###.............
. .....# #............
#.. .....# #......!$.#
.... .....#
#.........##....#
######
#####...........#
#....hh.....#
#...†...#+#..
#.......5......
#..............#
#.....####.....#
#.....# ##...# #......
..## +..... #.


You could see Natasha and a cerulean imp (summoned).

Vanquished Creatures
  2 adders (D:2)
  2 worms
  3 dart slugs
  2 bats (D:2)
  2 endoplasms
  4 giant cockroaches
  3 goblins
  3 hobgoblins (D:1)
  3 quokkas
  5 ball pythons
  2 frilled lizards
  3 kobolds
  2 rats
36 creatures vanquished.

Notes
Turn   | Place    | Note
-------+----------+-------------------------------------------
     0 | D:1      | Malachi the Djinni Shapeshifter began the quest for the
                  | Orb.
     0 | D:1      | Reached XP level 1. HP: 17/17 MP: 0/0
   183 | D:1      | Reached XP level 2. HP: 7/22 MP: 0/0
   838 | D:1      | Reached XP level 3. HP: 25/27 MP: 0/0
   838 | D:1      | Learned a level 1 spell: Summon Small Mammal
  1567 | D:2      | Reached XP level 4. HP: 29/33 MP: 0/0
  1913 | D:3      | Noticed Natasha
  1930 | D:3      | Slain by a cerulean imp

Illustrated notes

Levels and vault maps discovered:
D:1:      giann_wishing_wells, layout_basic
D:2:      layout_rooms
D:3:      layout_basic, uniq_natasha, uniq_pargi

Skill      XL: |  1  2  3  4 |
---------------+-------------+-----
Shapeshifting  | 3 |  3.1
Fighting       | 2 |  2.0
Dodging        | 3 |  3.0
Unarmed Combat | |  3.5

Action                     |  1- 3 |  4- 6 || total
---------------------------+-------+-------++-------
  Melee: Unarmed           |   119 |    29 ||   148
         Punch             |     1 |       ||     1
   Stab: Sleeping          |     1 |       ||     1
 Armour: Animal skin       |    54 |     1 ||    55
         Leather armour    |       |    15 ||    15
  Dodge: Dodged            |    74 |    11 ||    85

Table legend: (Time is in decaauts)
 A = Elapsed time spent in this place.
 B = Non-inter-level travel time spent in this place.
 C = Inter-level travel time spent in this place.
 D = Time resting spent in this place.
 E = Time spent auto-exploring this place.
 F = Levels seen in this place.
 G = Mean time per level.
                   A        B        C        D        E       F      G
               +--------+--------+--------+--------+--------+-----+--------+
         Total |   1921 |   1805 |    116 |    321 |   1157 |   3 |  640.3 |
       Dungeon |   1921 |   1805 |    116 |    321 |   1157 |   3 |  640.3 |
               +--------+--------+--------+--------+--------+-----+--------+

Top non-repeatable levels by time:
     D:1: 1009 daAuts
     D:2: 782 daAuts
     D:3: 129 daAuts
